 Dungeon Crawl Stone Soup version 0.31.0-9-g3a7656b989 (webtiles) character file.

Game seed: 12421474254887720694

592 qw the Skirmisher (level 7, -6/33 (40) HPs)
             Began as a Deep Elf Hunter on Feb 2, 2024.
             Shot with an arrow by a centaur (14 damage)
             ... on level 5 of the Dungeon.
             The game lasted 00:00:17 (4010 turns).

qw the Skirmisher (Deep Elf Hunter)                 Turns: 4010, Time: 00:00:17

HP:   -6/33 (40)    AC:  7    Str: 10    XL:     7   Next: 16%
MP:   9/9           EV: 11    Int: 14    God:
Gold: 240           SH:  5    Dex: 18    Spells: 6/6 levels left

rFire   . . .        a - +2 shortbow
rCold   . . .        (shield currently unavailable)
rNeg    . . .        c - +0 ring mail
rPois   .            n - +1 helmet
rElec   .            (no cloak)
rCorr   .            (no gloves)
SInv    .            (no boots)
Will    .....        k - amulet of reflection
Stlth   +            (no ring)
HPRegen 0.25/turn    (no ring)
MPRegen 0.11/turn

%: reflection
@: heavily drained
A: no striking features
a: no special abilities


You were on level 5 of the Dungeon.
You visited 2 branches of the dungeon, and saw 6 of its levels.

You collected 240 gold pieces.


   Skills:
 - Level 2.0 Fighting
 + Level 10.8 Ranged Weapons
 - Level 1.0 Armour
 - Level 3.0 Dodging
 - Level 1.2 Stealth


You had 6 spell levels left.
You didn't know any spells.
Your spell library was empty.

Inventory:

Hand Weapons
 a - a +2 shortbow (weapon)
Armour
 c - a +0 ring mail (worn)
 n - a +1 helmet (worn)
Jewellery
 k - an amulet of reflection (around neck)
Wands
 d - a wand of paralysis (9)
Scrolls
 f - 2 scrolls of identify
Potions
 b - a potion of might {unknown}
 e - a potion of resistance
 g - 4 potions of curing
 h - 2 potions of heal wounds
 j - a potion of mutation

Dungeon Overview and Level Annotations

Branches:
Dungeon (5/15)             Temple (1/1) D:4

Altars:
Elyvilon
Fedhas
Gozag
Hepliaklqana
Makhleb
Nemelex Xobeh
Qazlal
Ru
Sif Muna
Uskayaw
Wu Jian
Xom
Yredelemnul

Annotations:
D:3 3 runed translucent doors, qw's ghost, amateur DEHu


Message History

You see here an adder corpse.
A bombardier beetle comes into view.
You shoot an arrow. The arrow hits the bombardier beetle!
The bombardier beetle is heavily wounded.
You shoot an arrow. The arrow hits the bombardier beetle!
You kill the bombardier beetle!
Your extra speed is starting to run out.
You feel yourself slow down.
You see here a +0 robe.
Found a stone staircase leading up.
Found a stone staircase leading down.
There is a stone staircase leading up here.
A centaur comes into view.
Found a sparkling altar of Nemelex Xobeh.
The centaur shouts!
The centaur wields a +2 shortbow of draining.
You sense an unholy aura.
The centaur shoots an arrow.
The arrow hits you!
You feel drained.
You shoot an arrow. The arrow hits the centaur.
The centaur is lightly wounded.
The centaur shoots an arrow.
The arrow hits you!
You feel drained.
You shoot an arrow. The arrow hits the centaur!
The centaur is heavily wounded.
The centaur shoots an arrow.
The arrow hits you!
You feel drained.
4008 ||| DRINKING 3 potions of heal wounds.
You feel much better.
The centaur shoots an arrow.
You block the arrow with an invisible shield... and reflect it back!
The arrow barely misses the centaur.
The centaur shoots an arrow.
The arrow hits you!
You feel drained.
You shoot an arrow.
The arrow hits the centaur but does no damage.
The centaur is heavily wounded.
The centaur shoots an arrow.
The arrow hits you.
You feel drained.
You shoot an arrow.
The arrow hits the centaur but does no damage.
The centaur is heavily wounded.
The centaur shoots an arrow.
The arrow hits you.
You feel drained.
The centaur shoots an arrow.
The arrow hits you!
You die...

################
.......@.......#
.c......######.#
.8.####.#
#.######### _
#.######..........
#...........######
########.##.#
#.#.#.## ..#
#.#.##### ..#
##.#.....


You could see a centaur.

Vanquished Creatures
  A water moccasin (D:5)
  A scorpion (D:4)
  A bombardier beetle (D:5)
  A hound (D:4)
  6 orc priests
  Ijyb (D:3)
  A gnoll (D:1)
  5 adders
  3 ribbon worms
  14 orcs
  5 bats
  6 endoplasms
  5 giant cockroaches
  9 goblins
  8 hobgoblins
  2 jackals (D:2)
  7 kobolds
  3 quokkas
  4 ball pythons
  4 frilled lizards
  5 rats
92 creatures vanquished.

Notes
Turn   | Place    | Note
-------+----------+-------------------------------------------
     0 | D:1      | qw the Deep Elf Hunter began the quest for the Orb.
     0 | D:1      | Reached XP level 1. HP: 12/12 MP: 3/3
     0 | D:1      | 0 ||| qw: Version: 0.3-a-155-g5e7d8dd
     0 | D:1      | 0 ||| qw: Game counter: 2795
     0 | D:1      | 0 ||| qw: Melee chars always use a shield: true
     0 | D:1      | 0 ||| qw: God list: Okawaru
     0 | D:1      | 0 ||| qw: Allow faded altars: false
     0 | D:1      | 0 ||| qw: Do Orc after clearing Dungeon:15 true
     0 | D:1      | 0 ||| qw: Do second Lair branch before Depths: true
     0 | D:1      | 0 ||| qw: Lair rune preference: random
     0 | D:1      | 0 ||| qw: Goals: Normal
     0 | D:1      | 0 ||| PLANNING D:1-11
   134 | D:1      | Reached XP level 2. HP: 16/16 MP: 4/4
   208 | D:1      | Reached skill level 6 in Ranged Weapons
   361 | D:1      | Found a faded altar of an unknown god.
   427 | D:1      | Reached XP level 3. HP: 20/20 MP: 5/5
   880 | D:1      | 880 ||| UPGRADING to amulet of reflection.
   885 | D:1      | 885 ||| READING scroll labelled ENKUAPPOOPH.
   886 | D:1      | 886 ||| READING scroll labelled NIOTORUSOPP.
   886 | D:1      | 886 ||| ENCHANTING +0 shortbow.
   887 | D:1      | 887 ||| READING scroll labelled DAUZOFI HOUFI.
   892 | D:1      | 892 ||| DROPPING scroll of butterflies.
   914 | D:2      | 914 ||| STAIRDANCE
   922 | D:2      | 922 ||| STAIRDANCE
   996 | D:2      | Reached skill level 7 in Ranged Weapons
  1105 | D:2      | 1105 ||| READING scroll of enchant weapon.
  1105 | D:2      | 1105 ||| ENCHANTING +1 shortbow.
  1460 | D:2      | Reached XP level 4. HP: 18/25 MP: 6/6
  1708 | D:2      | 1708 ||| DROPPING scarf of shadows.
  1709 | D:2      | 1709 ||| UPGRADING to +0 helmet.
  1714 | D:2      | 1714 ||| READING scroll labelled FIOGUDUMOER.
  1714 | D:2      | 1714 ||| IDENTIFYING viscous orange potion
  1715 | D:2      | 1715 ||| READING scroll labelled QYXIAZ ANTISTOS.
  1816 | D:2      | 1816 ||| READING scroll labelled TIAWIWELL ANAU.
  1816 | D:2      | 1816 ||| ENCHANTING +0 helmet.
  1817 | D:2      | 1817 ||| DRINKING 2 puce potions.
  1818 | D:2      | 1818 ||| DRINKING 2 sedimented clear potions.
  1955 | D:3      | Found a runed translucent gate.
  1955 | D:3      | Found a runed translucent gate.
  1956 | D:3      | Found a runed translucent gate.
  1956 | D:3      | Noticed qw's ghost (amateur DEHu)
  1958 | D:3      | Identified the +0 scale mail "Fare" {Dex+4}
  2074 | D:3      | Reached skill level 8 in Ranged Weapons
  2076 | D:3      | Noticed Ijyb
  2085 | D:3      | Killed Ijyb
  2086 | D:3      | Reached XP level 5. HP: 21/29 MP: 7/7
  2130 | D:3      | Found an opulent altar of Gozag.
  2410 | D:3      | 2410 ||| UPGRADING to +0 scale mail.
  2420 | D:3      | 2420 ||| DROPPING +0 leather armour.
  2421 | D:3      | 2421 ||| READING scroll of identify.
  2421 | D:3      | 2421 ||| IDENTIFYING white potion
  2422 | D:3      | 2422 ||| READING scroll labelled RAL NEDUMPAA.
  2523 | D:3      | 2523 ||| READING scroll labelled TESIGEO RIEMIN.
  2524 | D:3      | 2524 ||| DRINKING 2 inky potions.
  2525 | D:3      | 2525 ||| DROPPING potion of ambrosia.
  2526 | D:3      | 2526 ||| DROPPING potion of brilliance.
  2560 | D:4      | 2560 ||| PLANNING SEWER
  2638 | D:4      | Found a glowing drain.
  2676 | D:4      | Found a staircase to the Ecumenical Temple.
  2825 | D:4      | Found a blossoming altar of Fedhas.
  2906 | D:4      | Reached skill level 9 in Ranged Weapons
  2908 | D:4      | HP: 7/29 [orc/+0 flail (2)]
  3058 | D:4      | Found a shimmering altar of Xom.
  3178 | D:4      | 3178 ||| RIP SEWER
  3210 | D:4      | 3210 ||| PLANNING TEMPLE
  3218 | D:4      | Reached skill level 1 in Armour
  3225 | D:4      | Reached XP level 6. HP: 20/35 MP: 8/8
  3283 | D:4      | 3283 ||| UPGRADING to +0 ring mail.
  3293 | D:4      | 3293 ||| DROPPING +0 scale mail.
  3294 | D:4      | 3294 ||| READING 2 scrolls of identify.
  3294 | D:4      | 3294 ||| IDENTIFYING orange potion
  3295 | D:4      | 3295 ||| READING scroll of identify.
  3295 | D:4      | 3295 ||| IDENTIFYING 3 amethyst potions
  3296 | D:4      | 3296 ||| READING scroll labelled YNESHR APSEERCHI.
  3329 | Temple   | Entered the Ecumenical Temple
  3330 | Temple   | 3330 ||| PLANNING D:1-11
  3713 | D:5      | Entered Level 5 of the Dungeon
  3718 | D:5      | 3718 ||| STAIRDANCE
  3724 | D:4      | Reached skill level 10 in Ranged Weapons
  3757 | D:5      | 3757 ||| STAIRDANCE
  3794 | D:5      | Reached skill level 3 in Dodging
  3872 | D:5      | Found a sacrificial altar of Ru.
  3872 | D:5      | Noticed a water moccasin
  3873 | D:5      | 3873 ||| DRINKING potion of haste.
  3882 | D:5      | Killed a water moccasin
  3883 | D:5      | Reached XP level 7. HP: 38/40 MP: 9/9
  4005 | D:5      | Found a sparkling altar of Nemelex Xobeh.
  4007 | D:5      | HP: 6/38 [centaur/arrow (10)]
  4007 | D:5      | HP: 2/37 [centaur/arrow (4)]
  4008 | D:5      | 4008 ||| DRINKING 3 potions of heal wounds.
  4010 | D:5      | Shot with an arrow by a centaur

Levels and vault maps discovered:
D:1:      amcnicky_arrival_underground_garden, layout_loops_corners,
          ebering_ecumenical_altar_sacrificial
D:2:      layout_basic, serial_park_tiny_pond
D:3:      layout_basic, lemuel_doored_altar, biasface_ghost_orc_armoury,
          uniq_ijyb
D:4:      layout_loops_corners, mainiacjoe_overflow_surrounded_room,
          mainiacjoe_overflow_24_doors, minmay_temple_entry_ruins,
          gup_sewer_entry_glass, st_stairs_6
D:5:      layout_loops_ring, hangedman_feature_mirror
Temple:   eino_wide_crystal_templ

Skill      XL: |  1  2  3  4  5  6 |
---------------+-------------------+-----
Ranged Weapons | 6 7 8 9 10 | 10.8
Armour         | 1 |  1.0
Fighting       | 2 |  2.0
Dodging        | 3 |  3.0
Stealth        | |  1.2

Action                     |  1- 3 |  4- 6 |  7- 9 || total
---------------------------+-------+-------+-------++-------
   Fire: Shortbow          |   131 |   165 |    13 ||   309
    Use: Scroll            |     4 |     9 |       ||    13
         Potion            |       |     4 |     1 ||     5
 Armour: Leather armour    |    21 |     1 |       ||    22
         Scale mail        |       |    13 |       ||    13
         Ring mail         |       |    15 |     9 ||    24
  Dodge: Dodged            |    26 |    37 |       ||    63
  Block: Other             |    10 |    16 |     2 ||    28
         Reflection        |     2 |       |     1 ||     3

Table legend:
 A = Non-vault XP
 B = Vault XP
 C = Vault XP percentage of total XP
 D = Non-vault monster count
 E = Vault monster count
 F = Vault count percentage of total count
                 A         B        C        D         E       F
            +---------+---------+-------+---------+---------+-------
      Total |     561 |     286 |  33.8 |      88 |       4 |   4.3
            +---------+---------+-------+---------+---------+-------
        D:1 |      59 |       0 |   0.0 |      27 |       0 |   0.0
        D:2 |      52 |       0 |   0.0 |      20 |       0 |   0.0
        D:3 |      54 |      36 |  40.0 |       9 |       1 |  10.0
        D:4 |     291 |      93 |  24.2 |      28 |       2 |   6.7
        D:5 |     105 |     157 |  59.9 |       4 |       1 |  20.0
            +---------+---------+-------+---------+---------+-------
